 Dungeon Crawl Stone Soup version 0.20.1-1-g8b1a95d (webtiles) character file.

1163 Monsterracer the Skirmisher (level 8, -4/73 HPs)
             Began as a Minotaur Summoner on Aug 13, 2017.
             Was an Initiate of Gozag.
             Slain by Fingolfin's ghost (16 damage)
             ... on level 4 of the Dungeon.
             The game lasted 00:16:03 (6958 turns).

Monsterracer the Skirmisher (Minotaur Summoner)     Turns: 6958, Time: 00:16:04

Health: -4/73      AC:  4    Str: 14    XL:     8   Next: 17%
Magic:  9/9        EV: 12    Int: 12    God:    Gozag
Gold:   88         SH:  0    Dex: 12    Spells: 9/9 levels left

rFire    . . .     SeeInvis .   a - +0 war axe
rCold    . . .     Gourm    .   (no shield)
rNeg     + . .     Faith    .   d - +0 ring mail
rPois    .         Spirit   .   (helmet restricted)
rElec    .         Reflect  .   (no cloak)
rCorr    .         Harm     .   o - +2 pair of gloves
MR       .....                  (no boots)
Stlth    +.........             (no amulet)
Regen    0.3/turn               n - ring of positive energy
MPRegen  0.2/turn               (no ring)

@: corroded, flying, hasted, drained, very quick
A: retaliatory headbutt, horns 2
a: Potion Petition, Call Merchant, Bribe Branch, Renounce Religion


You were on level 4 of the Dungeon.
You worshipped Gozag.
Gozag was noncommittal.
You were not hungry.

You visited 1 branch of the dungeon, and saw 6 of its levels.

You collected 513 gold pieces.
You paid 425 gold pieces to Gozag.

Inventory:

Hand Weapons
 a - a +0 war axe (weapon)
 b - a +1 whip of flaming
Armour
 d - a +0 ring mail (worn)
 i - a +0 buckler
 k - a cursed +0 leather armour
 o - a +2 pair of gloves (worn)
Jewellery
 n - a ring of positive energy (left hand)
Scrolls
 e - 3 scrolls of teleportation
 f - 2 scrolls of amnesia
 g - 2 scrolls of fear
 j - 3 scrolls of identify
 l - a scroll of magic mapping
 p - a scroll of recharging
 s - a scroll of remove curse
Potions
 h - 2 potions of flight
 m - a potion of cancellation
Comestibles
 c - 5 bread rations
 q - a meat ration


   Skills:
 * Level 7.2(6.3) Fighting
 * Level 6.7(5.8) Axes
 + Level 3.6(2.8) Armour
 + Level 4.3(3.4) Dodging
 - Level 1.5(0.7) Stealth
 - Level 1.3(0.6) Spellcasting
   Level 2.9(2.1) Summonings


You had 9 spell levels left.
You didn't know any spells.

Dungeon Overview and Level Annotations

Branches:
Dungeon (6/15)
 Temple: D:4-7

Altars:
Elyvilon
Fedhas
Gozag
Sif Muna
Xom
Zin
The Shining One

Annotations:
D:4 Fingolfin's ghost, amateur HOFi; Pikel


Innate Abilities, Weirdness & Mutations

You reflexively headbutt those who attack you in melee.
You have a pair of horns on your head.


Message History

You closely miss the slave.
Fingolfin's ghost hits you but does no damage.
Pikel zaps a wand.
The bolt of acid hits you!
* * * LOW HITPOINT WARNING * * *
The acid corrodes you!
You are splashed with acid!
The acid burns!
* * * LOW HITPOINT WARNING * * *
The slave hits you.
* * * LOW HITPOINT WARNING * * *
Huge Dmg: -39%(-29hp) hp: 16%(11hp) Unknown command.
Okay, then.
You closely miss Fingolfin's ghost.
Fingolfin's ghost is lightly damaged.
You hit Fingolfin's ghost.
You headbutt Fingolfin's ghost, but do no damage.
Fingolfin's ghost is lightly damaged.
Fingolfin's ghost hits you!
You die...
Your body crumbles into a pile of gold.

*,* *,* #######..#.#.# +,* *,*
#.....>....#)# +,* *,*
#.##...(...... +,* *,*
#[##.###.###.. *** *,* ##.##.#
#.# #.# * #.# ##.....###'###W.
#.# ###........'_###p. #.#
#.WKp.[..###'###p. #.# #@#p.....#
#.# #.. ##### #.#
#.##...#.###.###.. #...###.#
##.###.##....ppW...
###.......###...######..#######
#....?W....#.....#####.##
**#.##.#####....)...#.....#
,,,#.#............?.#.###.#
,,**#.....##..........# *.#
*....#.##<##.......##.#**.#******


You could see Pikel, a slave and Fingolfin's ghost.

Vanquished Creatures
  Sigmund (D:4)
  A sky beast (D:5)
  A phantom (D:5)
  2 ogres
  A bullfrog (D:6)
  A scorpion (D:4)
  3 wights (D:5)
  A hound (D:5)
  A jelly (D:5)
  A bullfrog skeleton (D:5)
  2 iguanas
  An orc wizard (D:5)
  4 worker ants
  4 gnolls
  4 adders
  An adder skeleton (D:4)
  A worm (D:3)
  3 dart slugs
  3 orcs (D:5)
  6 giant cockroaches
  7 goblins
  4 hobgoblins
  22 jackals
  2 quokkas
  3 bats
  4 frilled lizards
  4 kobolds
  6 rats
94 creatures vanquished.

Notes
Turn   | Place    | Note
-------+----------+-------------------------------------------
     0 | D:1      | Monsterracer the Minotaur Summoner began the quest for the Orb.
     0 | D:1      | Reached XP level 1. HP: 14/14 MP: 1/1
    55 | D:1      | Reached skill level 1 in Fighting
   100 | D:1      | HP: 8/17 [hobgoblin/club (1)]
   102 | D:1      | Reached skill level 2 in Fighting
   102 | D:1      | Reached XP level 2. HP: 11/24 MP: 3/3
   462 | D:1      | Reached skill level 3 in Fighting
   469 | D:1      | HP: 13/26 [jackal (2)]
   472 | D:1      | Reached XP level 3. HP: 16/31 MP: 4/4
   949 | D:2      | Found a hazy altar of Hepliaklqana.
  1110 | D:2      | Reached skill level 1 in Axes
  1223 | D:2      | You fall through a shaft!
  1448 | D:2      | Found a blossoming altar of Fedhas.
  1448 | D:2      | Found a shimmering altar of Xom.
  1450 | D:2      | Found a sparkling altar of Nemelex Xobeh.
  1450 | D:2      | Found a shadowy altar of Dithmenos.
  1450 | D:2      | Found an opulent altar of Gozag.
  1645 | D:2      | Found a white marble altar of Elyvilon.
  1740 | D:3      | Found a deep blue altar of Sif Muna.
  1804 | D:3      | Reached XP level 4. HP: 23/38 MP: 5/5
  1806 | D:3      | HP: 17/38 [jackal (3)]
  2371 | D:3      | Found a glowing golden altar of the Shining One.
  2380 | D:3      | HP: 17/38 [iguana (13)]
  3190 | D:4      | Found an opulent altar of Gozag.
  3193 | D:4      | Noticed Fingolfin's ghost (amateur HOFi)
  3210 | D:4      | Became a worshipper of Gozag Ym Sagoz the Greedy
  3293 | D:4      | Noticed Sigmund
  3333 | D:4      | HP: 19/38 [something (7)]
  3340 | D:4      | Killed Sigmund
  3340 | D:4      | Reached skill level 4 in Fighting
  3340 | D:4      | Reached skill level 1 in Armour
  3340 | D:4      | Reached XP level 5. HP: 47/47 MP: 6/6
  3340 | D:4      | Reached XP level 6. HP: 53/53 MP: 7/7
  3367 | D:3      | HP: 24/53 [gnoll (5)]
  3374 | D:3      | HP: 14/53 [gnoll (6)]
  3621 | D:3      | HP: 26/53 [gnoll/spear (7)]
  4096 | D:4      | Reached skill level 5 in Axes
  4319 | D:4      | HP: 26/55 [scorpion (8)]
  4320 | D:4      | Reached skill level 5 in Fighting
  4321 | D:4      | Found a blossoming altar of Fedhas.
  4324 | D:4      | HP: 20/56 [poisoned by a scorpion]
  4329 | D:4      | HP: 17/56 [poisoned by a scorpion]
  4335 | D:4      | HP: 14/56 [poisoned by a scorpion]
  4341 | D:4      | HP: 12/56 [poisoned by a scorpion]
  4348 | D:4      | HP: 11/56 [poisoned by a scorpion]
  4356 | D:4      | HP: 11/56 [poisoned by a scorpion]
  4401 | D:4      | HP: 5/56 [ogre/giant club (14)]
  4476 | D:4      | HP: 16/56 [adder (2)]
  4484 | D:4      | HP: 14/56 [ogre/giant club (7)]
  4487 | D:4      | HP: 4/56 [ogre/giant club (3)]
  4489 | D:4      | Reached XP level 7. HP: 4/61 MP: 8/8
  4659 | D:4      | HP: 23/61 [Fingolfin's ghost (13)]
  4664 | D:4      | HP: 11/61 [Fingolfin's ghost (13)]
  4981 | D:4      | Noticed Pikel
  5024 | D:4      | HP: 16/61 [ogre/giant club (24)]
  5025 | D:5      | Entered Level 5 of the Dungeon
  5440 | D:5      | Reached skill level 6 in Fighting
  6015 | D:5      | HP: 28/64 [something (7)]
  6017 | D:5      | HP: 9/64 [something (6)]
  6025 | D:5      | HP: 9/64 [poisoned by a worker ant]
  6025 | D:5      | HP: 1/64 [something (7)]
  6031 | D:5      | HP: 30/64 [something (1)]
  6036 | D:5      | HP: 22/64 [sky beast (3)]
  6049 | D:5      | HP: 15/64 [something (4)]
  6367 | D:5      | Reached skill level 7 in Fighting
  6367 | D:5      | Reached XP level 8. HP: 46/73 MP: 9/9
  6643 | D:5      | Found a glowing silver altar of Zin.
  6955 | D:4      | HP: 31/73 [Pikel/wand of acid (?/15) (9)]
  6955 | D:4      | HP: 15/73 [acid (16)]
  6958 | D:4      | Slain by Fingolfin's ghost

Skill      XL: |  1  2  3  4  5  6  7 |
---------------+----------------------+-----
Fighting       | 2 3 4 5 7 |  7.2
Axes           | 2 4 5 6 |  6.7
Armour         | 1 2 3 |  3.6
Dodging        | 3 4 |  4.3
Stealth        | |  1.5
Spellcasting   | |  1.3
Summonings     | |  2.9

Action                   |  1- 3 |  4- 6 |  7- 9 || total
-------------------------+-------+-------+-------++-------
Melee: Unarmed           |    10 |       |       ||    10
       Mace              |    10 |       |       ||    10
       Headbutt          |    13 |    14 |    23 ||    50
       Whip              |    37 |       |       ||    37
       Hand axe          |    32 |   121 |    20 ||   173
       War axe           |       |       |   112 ||   112
Throw: Throwing net      |       |       |     1 ||     1
Invok: Potion Petition   |       |     1 |     1 ||     2
Evoke: Wand              |       |       |     4 ||     4
  Use: Scroll            |       |    15 |     4 ||    19
       Potion            |       |     2 |     2 ||     4
 Stab: Sleeping          |     1 |       |       ||     1
       Distracted        |       |     1 |       ||     1
  Eat: Chunk             |     3 |     4 |       ||     7
       Fruit             |       |     1 |     5 ||     6
       Meat ration       |       |     1 |       ||     1
       Royal jelly       |       |       |     1 ||     1
Armor: Robe              |    23 |    24 |       ||    47
       Ring mail         |       |     3 |    48 ||    51
Dodge: Dodged            |    88 |    83 |    60 ||   231
